 Dungeon Crawl Stone Soup version 0.31.0-11-ge490571c62 (webtiles) character file.

Game seed: 6177801105175106295

498 qw the Skirmisher (level 6, -3/31 (35) HPs)
             Began as a Deep Elf Hunter on Feb 5, 2024.
             Slain by a wight
             ... wielding a +0 morningstar
              (6 damage)
             ... on level 4 of the Dungeon.
             The game lasted 00:02:26 (2799 turns).

qw the Skirmisher (Deep Elf Hunter)                 Turns: 2799, Time: 00:02:27

HP:   -3/31 (35)    AC:  5    Str: 10    XL:     6   Next: 94%
MP:   8/8           EV: 11    Int: 14    God:
Gold: 97            SH:  0    Dex: 18    Spells: 5/5 levels left

rFire   . . .        b - +0 arbalest
rCold   . . .        (shield currently unavailable)
rNeg    . . .        f - +0 ring mail
rPois   .            (no helmet)
rElec   .            (no cloak)
rCorr   .            (no gloves)
SInv    .            (no boots)
Will    +....        (no amulet)
Stlth   +            d - ring of willpower
HPRegen 0.25/turn    (no ring)
MPRegen 0.11/turn

%: no passive effects
@: heavily drained
A: no striking features
a: no special abilities


You were on level 4 of the Dungeon.
You visited 1 branch of the dungeon, and saw 4 of its levels.

You collected 170 gold pieces.
You spent 73 gold pieces at shops.


   Skills:
 - Level 2.0 Fighting
 + Level 10.5 Ranged Weapons
 - Level 3.2 Dodging
 - Level 1.2 Stealth


You had 5 spell levels left.
You didn't know any spells.
Your spell library was empty.

Inventory:

Hand Weapons
 b - a +0 arbalest (weapon)
Armour
 f - a +0 ring mail (worn)
Jewellery
 d - a ring of willpower (left hand)
Scrolls
 a - a scroll of amnesia {unknown}
Potions
 g - a potion of enlightenment
 h - a potion of ambrosia {unknown}

Dungeon Overview and Level Annotations

Branches:
Dungeon (4/15)
 Temple: D:4-7

Altars:
Ashenzari
Elyvilon
Gozag

Shops:
D:1 ?   D:3 :   D:4 (


Message History

Your Dodging skill increases to level 3!
A wight comes into view. It is wielding a +0 long sword.
You shoot a bolt. The bolt hits the wight.
The wight is lightly damaged.
You shoot a bolt. The bolt hits the wight.
The wight is moderately damaged.
You shoot a bolt. The bolt closely misses the wight.
You shoot a bolt. The bolt barely misses the wight.
You shoot a bolt. The bolt hits the wight!
The wight is severely damaged.
The wight hits you with a +0 long sword!
You feel drained.
The wight hits you with a +0 long sword!
You shoot a bolt.
The bolt hits the wight but does no damage.
The wight is severely damaged.
The wight hits you with a +0 long sword.
You feel drained.
You shoot a bolt. The bolt hits the wight!
You destroy the wight!
Your life force feels restored.
You start resting.
HP restored.
Things that are here:
a +0 long sword; a +0 robe
Things that are here:
a +4 trident of freezing; a +0 robe A wight comes into view.
It is wielding a +0 morningstar.
You shoot a bolt. The bolt closely misses the wight.
You shoot a bolt. The bolt barely misses the wight.
The wight hits you with a +0 morningstar!
You feel drained.
The wight hits you with a +0 morningstar.
You shoot a bolt. The bolt barely misses the wight.
The wight hits you with a +0 morningstar.
You feel drained.
You shoot a bolt. The bolt closely misses the wight.
The wight hits you with a +0 morningstar!
You feel drained.
You die...

..##.# #....###
##.....## # #
#.......## #..
#.##........##....
#.................
#......:.........
#...))@z......
#..#####..####
##.# .## #.# ..#
#.## #..#
#..####....##
##..#........
#...........
##...........


You could see a wight.

Vanquished Creatures
  Sigmund (D:2)
  3 wights (D:4)
  A hound (D:3)
  Jessica (D:3)
  An orc wizard (D:3)
  2 adders
  3 ribbon worms
  7 orcs
  4 endoplasms
  A giant cockroach (D:4)
  3 goblins
  10 hobgoblins
  4 jackals (D:1)
  2 quokkas
  3 training dummies (D:4)
  7 ball pythons
  5 bats
  2 frilled lizards
  4 kobolds
  11 rats
75 creatures vanquished.

Notes
Turn   | Place    | Note
-------+----------+-------------------------------------------
     0 | D:1      | qw the Deep Elf Hunter began the quest for the Orb.
     0 | D:1      | Reached XP level 1. HP: 12/12 MP: 3/3
     0 | D:1      | 0 ||| qw: Version: 0.3-a-160-g6735b56
     0 | D:1      | 0 ||| qw: Game counter: 6317
     0 | D:1      | 0 ||| qw: Melee chars always use a shield: true
     0 | D:1      | 0 ||| qw: God list: Okawaru
     0 | D:1      | 0 ||| qw: Allow faded altars: false
     0 | D:1      | 0 ||| qw: Do Orc after clearing Dungeon:15 true
     0 | D:1      | 0 ||| qw: Do second Lair branch before Depths: true
     0 | D:1      | 0 ||| qw: Lair rune preference: random
     0 | D:1      | 0 ||| qw: Goals: Normal
     0 | D:1      | 0 ||| PLANNING D:1-11
   102 | D:1      | Reached XP level 2. HP: 16/16 MP: 4/4
   105 | D:1      | Reached skill level 6 in Ranged Weapons
   257 | D:1      | Found Faosus's Magic Scroll Emporium.
   265 | D:1      | 265 ||| SHOPLISTING scroll of enchant armour (90 gold, have
                  | 25).
   265 | D:1      | 265 ||| BUYING scroll of identify (24 gold).
   265 | D:1      | Bought a scroll of identify for 24 gold pieces
   265 | D:1      | 265 ||| SHOPLISTING scroll of identify (24 gold, have 1).
   383 | D:1      | Found a faded altar of an unknown god.
   531 | D:1      | 531 ||| UPGRADING to +0 ring mail.
   541 | D:1      | 541 ||| DROPPING +0 leather armour.
   542 | D:1      | 542 ||| READING scroll of identify.
   542 | D:1      | 542 ||| IDENTIFYING bubbling silvery potion
   543 | D:1      | 543 ||| READING 2 scrolls labelled LERIOMPOCEA.
   544 | D:1      | 544 ||| READING scroll labelled EMILYH PUUCH.
   545 | D:1      | 545 ||| READING scroll labelled RODDIXAENGO.
   546 | D:1      | 546 ||| READING scroll labelled XAITAPR REFF.
   647 | D:1      | 647 ||| READING scroll labelled IHEFRE MYJUKU.
   648 | D:1      | 648 ||| DROPPING scroll of butterflies.
   649 | D:1      | 649 ||| DROPPING scroll of revelation.
   689 | D:2      | Found a white marble altar of Elyvilon.
   699 | D:2      | Reached XP level 3. HP: 20/20 MP: 5/5
   733 | D:2      | Noticed Sigmund
   741 | D:2      | HP: 4/20 [Sigmund/+0 scythe (4)]
   742 | D:2      | Killed Sigmund
   743 | D:2      | Reached skill level 9 in Ranged Weapons
   743 | D:2      | Reached XP level 4. HP: 5/25 MP: 6/6
   743 | D:2      | Reached XP level 5. HP: 6/29 MP: 7/7
  1372 | D:2      | 1372 ||| UPGRADING to ring of willpower.
  1373 | D:2      | 1373 ||| READING 2 scrolls of identify.
  1373 | D:2      | 1373 ||| IDENTIFYING metallic emerald potion
  1374 | D:2      | 1374 ||| READING scroll of identify.
  1374 | D:2      | 1374 ||| IDENTIFYING scroll labelled LEEGOQYLEI
  1375 | D:2      | 1375 ||| DROPPING scroll of poison.
  1376 | D:2      | 1376 ||| DROPPING potion of degeneration.
  1496 | D:3      | Found a broken altar of Ashenzari.
  1675 | D:3      | Found an opulent altar of Gozag.
  1796 | D:3      | Found Quduummi's Book Shoppe.
  1921 | D:3      | Reached XP level 6. HP: 35/35 MP: 8/8
  1968 | D:3      | 1968 ||| FLEEEEING.
  2001 | D:3      | Noticed Jessica
  2012 | D:3      | Killed Jessica
  2183 | D:3      | 2183 ||| READING 2 scrolls of identify.
  2183 | D:3      | 2183 ||| IDENTIFYING amethyst potion
  2184 | D:3      | 2184 ||| READING scroll of identify.
  2184 | D:3      | 2184 ||| IDENTIFYING lumpy blue potion
  2185 | D:3      | 2185 ||| DROPPING potion of attraction.
  2186 | D:3      | 2186 ||| DROPPING potion of brilliance.
  2410 | D:4      | Found Yffinom's Firing Range.
  2427 | D:4      | 2427 ||| BUYING +0 arbalest (49 gold).
  2427 | D:4      | Bought a +0 arbalest for 49 gold pieces
  2427 | D:4      | 2427 ||| SHOPLISTING +1 hand cannon of freezing (146 gold,
                  | have 97).
  2427 | D:4      | 2427 ||| SWAPPING to +0 arbalest.
  2428 | D:4      | 2428 ||| DROPPING +0 shortbow.
  2666 | D:4      | Reached skill level 10 in Ranged Weapons
  2718 | D:4      | Reached skill level 3 in Dodging
  2799 | D:4      | HP: 3/32 [wight/+0 morningstar (12)]
  2799 | D:4      | Slain by a wight

Levels and vault maps discovered:
D:1:      minmay_arrival_three_doors, layout_rooms, serial_shops, shop,
          basic_ecumenical_altar
D:2:      layout_loops_ring, basic_altar, item_on_display_a, uniq_sigmund
D:3:      layout_loops_ring, mainiacjoe_overflow_six_doors_small,
          old_standard_altar, serial_shops, shop, minmay_misc_feat_x,
          uniq_jessica
D:4:      layout_layer_cave, nzn_wu_jian_council_hall, general_overflow_altar,
          serial_library_hellmonk_secret_room, nicolae_shop_firing_range

Skill      XL: |  1  2  3  4  5  6 |
---------------+-------------------+-----
Ranged Weapons | 6 9 10 | 10.5
Fighting       | 2 |  2.0
Dodging        | 3 |  3.2
Stealth        | |  1.2

Action                     |  1- 3 |  4- 6 || total
---------------------------+-------+-------++-------
   Fire: Shortbow          |    90 |   127 ||   217
         Arbalest          |       |    28 ||    28
    Use: Scroll            |     6 |     4 ||    10
 Armour: Leather armour    |    14 |       ||    14
         Ring mail         |     4 |    35 ||    39
  Dodge: Dodged            |    31 |    20 ||    51

Table legend:
 A = Non-vault XP
 B = Vault XP
 C = Vault XP percentage of total XP
 D = Non-vault monster count
 E = Vault monster count
 F = Vault count percentage of total count
                 A         B        C        D         E       F
            +---------+---------+-------+---------+---------+-------
      Total |     446 |     266 |  37.4 |      70 |       5 |   6.7
            +---------+---------+-------+---------+---------+-------
        D:1 |      34 |       0 |   0.0 |      22 |       0 |   0.0
        D:2 |      62 |     223 |  78.2 |      24 |       1 |   4.0
        D:3 |     106 |      37 |  25.9 |      15 |       1 |   6.2
        D:4 |     244 |       6 |   2.4 |       9 |       3 |  25.0
            +---------+---------+-------+---------+---------+-------
